AoeStats
← DS_Migno

Arena

510465790Analyzed
2v2 RM · 11h ago on Oct 1, 2026· 37m 30s· 4 players
Game mode
Random Map
Map size
Medium (4 player)
Population
200
Speed
Normal
Resources
Standard
Victory
Conquest
Starting age
Dark Age
Ending age
Imperial Age
RankedLock teamsTeams togetherTeam positionsShared explorationLock speedFull tech treeHidden civsTurbo modeCheats
Victory
Defeat
🇺🇸 Mongols · United States
1282
+20
🇨🇳 Celts · China
1247
+18
🇨🇷 Turks · Costa Rica
1252
-15
🇨🇷 Poles · Costa Rica
1249
-15
DS_Migno
11:19 Feudal Age
15:36 Castle Age
13:46 Double-Bit Axe
14:16 Horse Collar
15:35 Stone Mining
16:54 Heavy Plow
17:05 Bow Saw
19:52 Gold Mining
20:05 Light Cavalry
20:48 Husbandry
21:23 Szlachta Privileges
22:15 Scale Barding Armor
22:24 Forging
22:36 Bloodlines
23:05 Wheelbarrow
23:22 Chain Barding Armor
26:23 Iron Casting
28:58 Imperial Age
29:12 Loom
29:12 Town Watch
30:34 Cavalier
33:05 Blast Furnace
37:09 Chemistry
36:29 Crossbowman
37:15 Thumb Ring
36:50 Winged Hussar
dani9milpz
12:30 Feudal Age
17:01 Castle Age
21:22 Imperial Age
20:27 Fletching
28:59 Stone Mining
28:56 Double-Bit Axe
28:55 Horse Collar
MkobeW
11:17 Feudal Age
12:11 Double-Bit Axe
12:07 Horse Collar
14:54 Castle Age
13:17 Gold Mining
15:36 Fletching
15:59 Loom
16:27 Bow Saw
16:38 Bodkin Arrow
21:16 Ballistics
22:25 Padded Archer Armor
24:05 Leather Archer Armor
26:15 Bloodlines
26:05 Husbandry
32:48 Wheelbarrow
32:53 Gold Shaft Mining
34:15 Thumb Ring
38:32 Imperial Age
本人很暴躁
10:35 Feudal Age
14:10 Castle Age
12:23 Double-Bit Axe
12:39 Horse Collar
15:15 Bow Saw
16:27 Heavy Plow
20:30 Wheelbarrow
20:32 Gold Mining
20:48 Loom
21:27 Stone Mining
22:47 Hand Cart
24:20 Stone Shaft Mining
26:06 Gold Shaft Mining
26:06 Town Watch
28:55 Imperial Age
26:22 Stronghold
27:04 Arson
26:40 Pikeman
28:17 Scale Mail Armor
28:27 Forging
29:15 Chain Mail Armor
30:23 Iron Casting
29:14 Elite Woad Raider
30:16 Conscription
31:22 Plate Mail Armor
31:56 Ballistics
31:26 Halberdier
33:10 Blast Furnace
32:59 Fletching
35:24 Chemistry
34:20 Murder Holes
36:17 Town Patrol
36:14 Bodkin Arrow
36:14 Heated Shot
36:34 Masonry
37:01 Hoardings
38:02 Padded Archer Armor
Connection lost

Rejoining the realm…

Still unreachable

The connection could not be restored.

Session expired

The server has moved on; the page needs a fresh start.